 Dungeon Crawl Stone Soup version 0.29-a0-304-gb34f9e1 (webtiles) character file.

Game seed: 7204916088186386922

25 Think the Cutter (level 3, 0/26 HPs)
             Began as an Octopode Fighter on Mar 25, 2022.
             Slain by a goblin
             ... wielding a +0 dagger
             ... led by Robin
              (3 damage)
             ... on level 1 of the Dungeon.
             The game lasted 00:02:14 (760 turns).

Think the Cutter (Octopode Fighter)                  Turns: 760, Time: 00:02:15

Health: 0/26       AC:  1    Str: 15    XL:     3   Next: 6%
Magic:  3/3        EV: 13    Int: 12    God:
Gold:   74         SH:  4    Dex: 11    Spells: 2/2 levels left

rFire   . . .      SeeInvis .   a - +0 rapier
rCold   . . .      Faith    .   b - +0 buckler
rNeg    . . .      Spirit   .   (helmet restricted)
rPois   .          Reflect  .   (no amulet)
rElec   .          Harm     .   (no ring)
rCorr   .          Rampage  .   (no ring)
Will    .....                   (no ring)
Stlth   ++........              (no ring)
HPRegen 0.08/turn               (no ring)
MPRegen 0.08/turn               (no ring)
                                (no ring)
                                (no ring)

@: mighty
A: almost no armour, amphibious, 8 rings, camouflage 1, gelatinous body 1,
(nimble swimmer 1), tentacles
a: no special abilities


You were on level 1 of the Dungeon.
You visited 1 branch of the dungeon, and saw 2 of its levels.

You collected 74 gold pieces.

Inventory:

Hand Weapons
 a - a +0 rapier (weapon)
Armour
 b - a +0 buckler (worn)
Potions
 d - a potion of mutation {unknown}
 e - a potion of flight {unknown}


   Skills:
 - Level 3.0 Fighting
 + Level 3.2 Short Blades
 - Level 3.0 Dodging
 - Level 3.0 Shields


You had 2 spell levels left.
You didn't know any spells.
Your spell library contained the following spells:

 Spells                   Type           Power      Damage    Failure   Level
 Shock                    Conj/Air       0%         1d3       41%         1
 Sting                    Tmut/Pois      0%         1d3       41%         1
 Poisonous Vapours        Pois/Air       0%         N/A       54%         2
 Swiftness                Air            0%         N/A       78%         3
 Airstrike                Air            0%         N/A       99%         4
 Olgreb's Toxic Radiance  Pois           0%         N/A       99%         4


Dungeon Overview and Level Annotations

Branches:
Dungeon (2/15)

Altars:

Shops:
D:2 =

Annotations:
D:2 Robin


Innate Abilities, Weirdness & Mutations

You cannot wear most types of armour.
You are amphibious.
You can wear up to eight rings at the same time.
Your skin changes colour to match your surroundings (Stealth+).
Your rubbery body absorbs attacks. (AC +1, EV +1)
((You are camouflaged when in or above water. (Stealth+)))
You have tentacles for arms and can constrict up to eight enemies at once.


Message History

You hit the goblin.
The goblin is severely wounded.
You constrict the goblin.
You kill the goblin!
No target in view!
No target in view!
You climb downwards.
Level annotation: Robin The hobgoblin shouts!
A jackal comes into view.
The goblin closely misses you. You block the goblin's attack.
The goblin barely misses you.
The goblin unwields a +0 club.
The goblin wields a +0 hunting sling.
The goblin shoots a sling bullet.
You block the sling bullet. The goblin hits you with a +0 club.
The hobgoblin hits you.
There is a stone staircase leading up here.
The goblin misses you. You block the goblin's attack.
The goblin hits you with a +0 dagger. The goblin misses you.
You block the hobgoblin's attack. The jackal bites you.
You climb upwards.
There is a stone staircase leading down here.
You feel very mighty all of a sudden. The goblin hits you with a +0 club.
* * * LOW HITPOINT WARNING * * *
The goblin hits you with a +0 dagger.
* * * LOW HITPOINT WARNING * * *
The goblin hits you but does no damage. The goblin closely misses you.
You barely miss the goblin. You grab the goblin. You squeeze the goblin.
You kill the goblin!
The goblin closely misses you. You block the goblin's attack.
The goblin barely misses you.
You barely miss the hobgoblin. Your grab misses the hobgoblin.
You block the goblin's attack. The goblin misses you.
The goblin hits you with a +0 dagger.
* * * LOW HITPOINT WARNING * * *
You block the hobgoblin's attack.
You puncture the hobgoblin!
You kill the hobgoblin!
The goblin closely misses you. The goblin hits you with a +0 dagger.
You die...

##### ###...# ####### ###...#.#
#.....#####.......##
#.....g@#..........#####
##.....gg)...............
####......÷#................
##........#.##...............
#.....†...#..................
##.........#..####.....#.#.###
###............## ##...........
#.....########.# ###.........
#.....########.#######..........


You could see 3 goblins.

Vanquished Creatures
  4 ball pythons (D:1)
  An endoplasm (D:1)
  A giant cockroach (D:1)
  5 goblins (D:1)
  5 hobgoblins (D:1)
  A quokka (D:1)
  3 bats (D:1)
  A kobold (D:1)
  4 rats (D:1)
25 creatures vanquished.

Notes
Turn   | Place    | Note
-------+----------+-------------------------------------------
     0 | D:1      | Think the Octopode Fighter began the quest for the Orb.
     0 | D:1      | Reached XP level 1. HP: 16/16 MP: 1/1
   313 | D:1      | Reached XP level 2. HP: 20/21 MP: 2/2
   743 | D:2      | Noticed Robin
   743 | D:2      | Found Papubripn's Jewellery Emporium.
   751 | D:1      | Reached XP level 3. HP: 24/26 MP: 3/3
   760 | D:1      | Slain by a goblin

Illustrated notes

Levels and vault maps discovered:
D:1:      dpeg_arrival_simpleton_c, layout_rooms
D:2:      layout_basic, serial_shops, shop_statue, uniq_robin

Skill      XL: |  1  2 |
---------------+-------+-----
Short Blades   | 3 |  3.2
Fighting       | |  3.0
Dodging        | |  3.0
Shields        | |  3.0

Action                   || total
-------------------------++-------
Melee: Rapier            ||    40
       Constrict         ||    14
       Tentacles         ||     6
       Punch             ||     1
  Use: Potion            ||     1
 Stab: Sleeping          ||     4
Armor: Skin              ||     5
Dodge: Dodged            ||    36
Block: Buckler           ||    11

Table legend: (Time is in decaauts)
 A = Elapsed time spent in this place.
 B = Non-inter-level travel time spent in this place.
 C = Inter-level travel time spent in this place.
 D = Time resting spent in this place.
 E = Time spent auto-exploring this place.
 F = Levels seen in this place.
 G = Mean time per level.
                   A        B        C        D        E       F      G
               +--------+--------+--------+--------+--------+-----+--------+
         Total |    765 |    747 |     18 |    233 |    361 |   2 |  382.5 |
       Dungeon |    765 |    747 |     18 |    233 |    361 |   2 |  382.5 |
               +--------+--------+--------+--------+--------+-----+--------+

Top non-repeatable levels by time:
     D:1: 760 daAuts
     D:2: 5 daAuts
